 Dungeon Sprint DCSS version 0.14-a0-3545-g7d9ef9c (webtiles) character file.

1100 Froboctopus the Covert (level 7, -2/46 HPs)
             Began as a Vampire Enchanter on Mar 28, 2014.
             Was an Initiate of Sif Muna.
             Slain by Sonja
             ... wielding a +0,+0 dagger of distortion
              (4 damage)
             ... in the Dungeon (Sprint I: "Red Sonja").
             The game lasted 00:03:09 (884 turns).

Froboctopus the Covert (Vampire Enchanter)           Turns: 884, Time: 00:03:10

HP  -2/46        AC  3     Str  9      XL: 7   Next: 37%
MP  15/21        EV 12     Int 17      God: Sif Muna [......]
Gold 405         SH  0     Dex 14      Spells:  5 memorised,  3 levels left

rFire  . . .     SeeInvis +     m - +0 scythe (curse)
rCold  + . .     Clarity  .     b - +1 robe
rNeg   + + .     Conserve .     (no shield)
rPois  +         rCorr    .     (no helmet)
rElec  .         rRot     +     (no cloak)
SustAb . .       Spirit   .     (no gloves)
rMut   .         Warding  .     (no boots)
Saprov . . .     NoTele   +     (no amulet)
MR     .....                    (no ring)
                                (no ring)

@: regenerating slowly, invisible, very slightly contaminated, not resistant to
hostile enchantments, extremely stealthy
A: bottle blood, fangs 3, see invisible, unbreathing
a: Bat Form, Bottle Blood, Renounce Religion


You were in the Dungeon.
You worshipped Sif Muna.
Sif Muna was noncommittal.
You were very thirsty.

You visited 1 branch You collected 405 gold pieces.

Inventory:

Hand weapons
 a - a +1,+1 dagger
 m - a cursed +0,+0 scythe (weapon)
Missiles
 d - 12 darts (quivered)
Armour
 b - a +1 robe (worn)
Magical devices
 l - a wand of magic darts (11) {unknown}
Scrolls
 k - a scroll of blinking
Potions
 e - a potion of blood
 f - 2 potions of curing
 g - 2 potions of heal wounds
 h - a potion of haste
 i - 2 potions of magic
 j - a potion of berserk rage
Books
 c - a book of Maledictions

   Spells                             Type                      Level
   *Corona                            Hexes                        1
   Sure Blade                         Hexes/Charms                 2
   *Ensorcelled Hibernation           Hexes/Ice                    2
   *Confuse                           Hexes                        3
   *Enslavement                       Hexes                        4
   *Invisibility                      Hexes                        6


   Skills:
 * Level 11.0 Short Blades
 - Level 0.7 Throwing
 - Level 2.1 Dodging
 + Level 11.3 Stealth
 + Level 6.9 Spellcasting
 + Level 11.2 Hexes


You had 3 spell levels left.
You knew the following spells:

 Your Spells              Type           Power        Failure   Level  Hunger
a - Corona                Hex            #####..      1%          1    None
b - Ensorcelled Hibernat  Hex/Ice        ####..       1%          2    None
c - Confuse               Hex            #####...     1%          3    ##.....
d - Enslavement           Hex            #####...     1%          4    ####...
e - Invisibility          Hex            #####...     21%         6    #######


Dungeon Overview and Level Annotations

Branches:
Dungeon (1/1)

Altars:
Elyvilon
Fedhas
Kikubaaqudgha
Makhleb
Sif Muna
Trog
Vehumet
Yredelemnul
The Shining One

Shops:
D *

Annotations:
D Sonja


Innate Abilities, Weirdness & Mutations

You heal slowly.
You can bottle blood from corpses.
You have razor-sharp teeth.*
You have supernaturally acute eyesight.
You can survive without breathing.*


Message History

You feel slightly less thirsty.
You hit Sonja.
Sonja is moderately wounded.
Sonja completely misses you. Sonja hits you but does no damage.
Space bends around you. Sonja misses you.
Sonja hits you with a dagger of distortion.
Space bends around you.
* * * LOW HITPOINT WARNING * * *
Sonja hits you but does no damage. Space bends around you.
* * * LOW HITPOINT WARNING * * *
Sonja hits you but does no damage. Space bends around you.
* * * LOW HITPOINT WARNING * * *
Unknown command.
Unknown command.
You completely miss Sonja.
Sonja is moderately wounded.
Sonja misses you.
Sonja hits you with a dagger of distortion.
* * * LOW HITPOINT WARNING * * *
Space bends around you.
You die...

#..#####'#####'#__####...+
#..####..#...#.#### #####
#..#_.####..##.#
#..#.....##+#..+
#⌠⌠#_.∩...+..._#
####.....##_.#'#
#_._._###'#(#
#########.###


+$@$+ #$K$# ##.## #+# You could see Sonja.

Vanquished Creatures
  A slime creature (D)
  An elephant slug (D)
  An ogre (D)
  Sigmund (D)
  A jelly (D)
  Ijyb (D)
6 creatures vanquished.

Vanquished Creatures (collateral kills)
  2 kobold demonologists (D)
  A shadow imp (D)
  A white imp (D)
  An ufetubus (D)
  A giant eyeball (D)
6 creatures vanquished.

Vanquished Creatures (others)
  A gargoyle (D)
  An iron imp (D)
2 creatures vanquished.

Grand Total: 14 creatures vanquished

Notes
Turn   | Place    | Note
--------------------------------------------------------------
     0 | D        | Froboctopus, the Vampire Enchanter, began the quest for the Orb.
     0 | D        | Reached XP level 1. HP: 13/13 MP: 3/3
     1 | D        | Noticed Ijyb
    14 | D        | Killed Ijyb
    14 | D        | Reached skill level 5 in Hexes
    14 | D        | Reached XP level 2. HP: 11/19 MP: 1/5
    20 | D        | Killed a gargoyle
   147 | D        | Learned a level 2 spell: Ensorcelled Hibernation
   147 | D        | Noticed an ogre
   152 | D        | Killed an ogre
   152 | D        | Reached skill level 6 in Short Blades
   152 | D        | Reached skill level 7 in Hexes
   152 | D        | Reached XP level 3. HP: 12/24 MP: 3/9
   152 | D        | Reached XP level 4. HP: 15/30 MP: 3/11
   157 | D        | Learned a level 3 spell: Confuse
   203 | D        | Learned a level 4 spell: Enslavement
   302 | D        | Noticed Sigmund
   305 | D        | Killed Sigmund
   305 | D        | Reached skill level 8 in Hexes
   305 | D        | Reached XP level 5. HP: 35/35 MP: 12/14
   331 | D        | Found a basalt altar of Yredelemnul.
   332 | D        | Noticed a jelly
   333 | D        | Found a burning altar of Makhleb.
   338 | D        | Killed a jelly
   338 | D        | Reached skill level 5 in Spellcasting
   463 | D        | Found a radiant altar of Vehumet.
   463 | D        | Found a bloodstained altar of Trog.
   463 | D        | Found an ancient bone altar of Kikubaaqudgha.
   463 | D        | Found a glowing golden altar of the Shining One.
   463 | D        | Noticed a slime creature
   467 | D        | Killed a slime creature
   467 | D        | Reached skill level 9 in Short Blades
   467 | D        | Reached skill level 10 in Stealth
   467 | D        | Reached skill level 10 in Hexes
   467 | D        | Reached XP level 6. HP: 39/41 MP: 11/18
   509 | D        | Found Datym Duwe's General Store.
   509 | D        | Found a radiant altar of Vehumet.
   509 | D        | Found a white marble altar of Elyvilon.
   509 | D        | Found a deep blue altar of Sif Muna.
   509 | D        | Found a blossoming altar of Fedhas.
   509 | D        | Noticed an elephant slug
   560 | D        | Killed an elephant slug
   560 | D        | Reached skill level 10 in Short Blades
   560 | D        | Reached XP level 7. HP: 40/46 MP: 18/20
   578 | D        | Found a deep blue altar of Sif Muna.
   584 | D        | Became a worshipper of Sif Muna the Loreminder
   623 | D        | Noticed a kobold demonologist
   624 | D        | Noticed a kobold demonologist
   629 | D        | Noticed a hellwing
   631 | D        | Paralysed by a giant eyeball for 4 turns
   635 | D        | Paralysed by a giant eyeball for 2 turns
   640 | D        | Killed a kobold demonologist
   640 | D        | Reached skill level 11 in Short Blades
   641 | D        | Killed a kobold demonologist
   816 | D        | Learned a level 6 spell: Invisibility
   877 | D        | Noticed Sonja
   884 | D        | HP: 2/46 [Sonja/dagger of distortion (4)]
   884 | D        | Slain by Sonja

Action                   |  1- 3 |  4- 6 |  7- 9 || total
-------------------------+-------+-------+-------++-------
Melee: Dagger            |    11 |     4 |       ||    15
       Scythe            |       |    14 |    11 ||    25
 Cast: Corona            |     2 |       |       ||     2
       Ensorcelled Hiber |     1 |     4 |     2 ||     7
       Confuse           |       |     2 |       ||     2
       Enslavement       |       |       |     3 ||     3
       Invisibility      |       |       |     1 ||     1
 Stab: Sleeping          |     2 |     4 |     2 ||     8
